 Dungeon Crawl Stone Soup version 0.32-a0-913-g739538afd8 (webtiles) character file.

Game seed: 7143955221006774124

204 bronco the Firebug (level 5, -1/38 HPs)
             Began as a Mountain Dwarf Fire Elementalist on Apr 6, 2024.
             Killed from afar by an orc wizard (10 damage)
             ... with a magic dart
             ... on level 4 of the Dungeon on Apr 8, 2024.
             The game lasted 00:13:31 (4021 turns).

bronco the Firebug (MDFE)                           Turns: 4021, Time: 00:13:31

Health: -1/38      AC:  8    Str: 11    XL:     5   Next: 52%
Magic:  5/10       EV:  9    Int: 17    God:
Gold:   241        SH:  0    Dex: 10    Spells: 7/10 levels left

rFire   . . .        d - +3 war axe
rCold   . . .        n - orb {*channel}
rNeg    . . .        q - +0 ring mail
rPois   .            v - +2 helmet
rElec   .            (no cloak)
rCorr   .            (no gloves)
SInv    .            (no boots)
Will    .....        (no amulet)
Stlth   +            (no ring)
HPRegen 0.26/turn    (no ring)
MPRegen 0.12/turn

%: channel magic (20%)
@: no status effects
A: runic magic, artefact enchanting
a: no special abilities


You were on level 4 of the Dungeon.
You visited 2 branches of the dungeon, and saw 5 of its levels.

You collected 241 gold pieces.

Inventory:

Hand Weapons
 c - a +0 whip
 d - a +3 war axe (weapon)
 f - a +3 dagger of speed
 i - a +0 morningstar
 k - a +0 flail
Missiles
 t - 4 poisoned darts
Armour
 a - a +1 robe
 g - a +0 scale mail
 n - an orb of energy (worn)
 q - a +0 ring mail (worn)
 v - a +2 helmet (worn)
Wands
 p - a wand of flame (18)
Scrolls
 o - 2 scrolls of noise
Potions
 b - a potion of magic
 e - a potion of haste
 h - a potion of heal wounds {unknown}
 m - 2 potions of degeneration
 s - a potion of mutation {unknown}
 u - a potion of berserk rage {unknown}
 w - 2 potions of curing {unknown}


   Skills:
 - Level 1.3 Dodging
 - Level 1.4 Stealth
 + Level 3.4 Spellcasting
 - Level 0.8 Conjurations
 - Level 6.2 Fire Magic


You had 7 spell levels left.
You knew the following spells:

 Your Spells              Type           Power      Damage    Failure   Level
a - Foxfire               Conj/Fire      56%        2x1d6     14%         1
b - Scorch                Fire           48%        2d7       9%          2

Your spell library contained the following spells:

 Spells                   Type           Power      Damage    Failure   Level
 Inner Flame              Hex/Fire       13%        N/A       36%         3
 Volatile Blastmotes      Fire/Tloc      26%        2d12      36%         3
 Necrotise                Necr           8%         1d4       41%         1
 Slow                     Hex            8%         N/A       41%         1
 Flame Wave               Conj/Fire      14%        2d6       65%         4
 Confusing Touch          Hex            2%         N/A       73%         3
 Sigil of Binding         Hex            2%         N/A       73%         3
 Vampiric Draining        Necr           2%         2d6       73%         3
 Martyr's Knell           Necr/Summ      2%         N/A       97%         4
 Curse of Agony           Necr           2%         N/A       100%        5
 Death Channel            Necr           1%         N/A       100%        6
 Sculpt Simulacrum        Ice/Alch       1%         N/A       100%        6


Dungeon Overview and Level Annotations

Branches:
Dungeon (4/15)             Temple (1/1) D:4

Altars:
Ashenzari
Cheibriados
Dithmenos
Elyvilon
Fedhas
Gozag
Hepliaklqana
Kikubaaqudgha
Makhleb
Nemelex Xobeh
Okawaru
Qazlal
Sif Muna
Trog
Uskayaw
Zin
The Shining One

Annotations:
D:2 1 runed translucent door, Crazy Yiuf


Innate Abilities, Weirdness & Mutations

Your spellcasting is much less encumbered by armour.
You can use scrolls of enchantment on lesser artefacts.


Message History

Confirm with . or Enter, or press ? or * to list all spells.
You miscast Scorch.
You are very lightly contaminated with residual magic.
Nothing appears to happen.
Magical energy flows into your mind! The orc hits you but does no damage.
Unknown command.
Unknown command.
You closely miss the orc. You miss something. The orc hits you with a +0 club.
Something hits you but does no damage. The orc barely misses you.
Something hits you.
You are too injured to fight recklessly!
Unknown command.
You are too injured to fight recklessly!
Unknown command.
You closely miss the orc. You barely miss something.
The orc hits you but does no damage. Something hits you but does no damage.
You slash the orc!
You kill the orc!
You barely miss something. Something hits you.
Something hits you but does no damage. Something hits you.
Items here: )) [ †.
You miss something. Something completely misses you.
You hit something but do no damage. Something hits you. x2
Your magical contamination has completely faded away.
You miss something. Something hits you but does no damage.
You miss something.
You hear some strange, mumbled words.
A puff of flame appears from out of thin air!
The puff of flame hits you.
* * * LOW HITPOINT WARNING * * *
Something hits you but does no damage.
You closely miss something.
You hear some strange, mumbled words.
Something tries to affect you, but you resist.
You closely miss something. Something hits you but does no damage.
You hear some strange, mumbled words.
A magic dart appears from out of thin air!
The magic dart hits you!
You die...

.............
.)...........
.........####
.........#...
##+############...
#............#####
#............##...
#............#....
#@{..........#....
#..##.####†..##...
#..#######'#####'#
#...)....+...##...
#........#........
#..###+########...
#..# ##...##...
#..# .....##...
#### .g..#....


There were no monsters in sight!

Vanquished Creatures
  Ijyb (D:3)
  Robin (D:3)
  4 adders
  3 gnolls (D:4)
  3 dart slugs
  4 orcs (D:4)
  6 ball pythons
  5 endoplasms
  7 giant cockroaches
  10 hobgoblins
  7 jackals (D:1)
  4 quokkas
  6 bats
  5 frilled lizards
  15 goblins
  6 kobolds
  3 rats
90 creatures vanquished.

Vanquished Creatures (collateral kills)
  A foxfire (D:2)
1 creature vanquished.

Vanquished Creatures (others)
  187 foxfires
187 creatures vanquished.

Grand Total: 278 creatures vanquished

Notes
Turn   | Place    | Note
-------+----------+-------------------------------------------
     0 | D:1      | bronco the Mountain Dwarf Fire Elementalist began the quest
                  | for the Orb.
     0 | D:1      | Reached XP level 1. HP: 14/14 MP: 3/3
    22 | D:1      | Found a faded altar of an unknown god.
   101 | D:1      | Reached skill level 4 in Fire Magic
   179 | D:1      | Reached XP level 2. HP: 20/20 MP: 0/4
   460 | D:1      | Reached skill level 5 in Fire Magic
   624 | D:1      | Reached XP level 3. HP: 26/26 MP: 2/5
  1526 | D:2      | Found a runed translucent door.
  1527 | D:2      | Noticed Crazy Yiuf
  1753 | D:2      | Reached skill level 6 in Fire Magic
  1753 | D:2      | Reached XP level 4. HP: 33/33 MP: 4/6
  2241 | D:2      | Learned a level 2 spell: Scorch
  2513 | D:3      | Noticed Robin
  2877 | D:3      | Noticed Ijyb
  2906 | D:3      | Killed Ijyb
  3144 | D:3      | Killed Robin
  3145 | D:3      | Reached XP level 5. HP: 38/38 MP: 2/9
  3680 | D:4      | Found a staircase to the Ecumenical Temple.
  3693 | Temple   | Entered the Ecumenical Temple
  3999 | D:4      | Upgraded the game from 0.32-a0-909-gc671339a80 to
                  | 0.32-a0-913-g739538afd8
  4021 | D:4      | Killed from afar by an orc wizard

Illustrated notes

Levels and vault maps discovered:
D:1:      amcnicky_arrival_double_pillar, layout_rooms,
          shapermc_ecumenical_altar_pompeii, minmay_cupped
D:2:      layout_basic, serial_bayou_ford_a, serial_bayou_lake_a,
          uniq_crazy_yiuf_cottage
D:3:      layout_rooms, minmay_misc_feat_ornament, uniq_robin, uniq_ijyb
D:4:      layout_gridville, minmay_temple_entry_offerings,
          kennysheep_generic_room_4
Temple:   sentei_temple_godly_chess

Skill      XL: |  1  2  3  4  5 |
---------------+----------------+-----
Fire Magic     | 4 5 6 |  6.2
Spellcasting   | 2 3 |  3.4
Dodging        | |  1.3
Stealth        | |  1.4
Conjurations   | |  0.8

Action                     |  1- 3 |  4- 6 || total
---------------------------+-------+-------++-------
  Melee: Whip              |    27 |     6 ||    33
         War axe           |       |    16 ||    16
   Cast: Foxfire           |    66 |    40 ||   106
         Scorch            |       |    34 ||    34
    Use: Scroll            |     2 |    13 ||    15
         Potion            |       |     2 ||     2
 Armour: Robe              |    33 |    27 ||    60
         Ring mail         |       |    37 ||    37
  Dodge: Dodged            |    24 |    36 ||    60

Table legend: (Time is in decaauts)
 A = Elapsed time spent in this place.
 B = Non-inter-level travel time spent in this place.
 C = Inter-level travel time spent in this place.
 D = Time resting spent in this place.
 E = Time spent auto-exploring this place.
 F = Levels seen in this place.
 G = Mean time per level.
                   A        B        C        D        E       F      G
               +--------+--------+--------+--------+--------+-----+--------+
         Total |   4124 |   3930 |    194 |    468 |   2573 |   5 |  824.8 |
       Dungeon |   4116 |   3922 |    194 |    468 |   2573 |   4 | 1029.0 |
        Temple |      7 |      7 |      0 |      0 |      0 |   1 |    7.0 |
               +--------+--------+--------+--------+--------+-----+--------+

Top non-repeatable levels by time:
     D:2: 1370 daAuts
     D:1: 1063 daAuts
     D:3: 1014 daAuts
     D:4: 668 daAuts
  Temple: 7 daAuts
